 Dungeon Crawl Stone Soup version 0.32-a0-961-gd60f5e5fc7 (webtiles) character file.

Game seed: 17808912884272947128

1914312 bananaken the Marksgoblin (level 27, 214/214 HPs)
             Began as a Coglin Hunter on Apr 17, 2024.
             Was a High Priest of Okawaru.
             Escaped with the Orb
             ... and 3 runes!
             The game lasted 03:36:41 (53540 turns).

bananaken the Marksgoblin (Coglin Hunter)          Turns: 53540, Time: 03:36:42

Health: 214/214    AC: 24    Str: 18    XL:     27
Magic:  12/12      EV: 23    Int: 11    God:    Okawaru [*****.]
Gold:   3508       SH:  0    Dex: 28    Spells: 27/38 levels left

rFire   + . .        a - +10 sling of Fov Joonoa {antimagic, rElec rC+}
rCold   + + +        f - +9 hand cannon (freeze) {Gnaeus}
rNeg    . . .        D - +4 ring mail of Fanaticism {Regen+ Str+2}
rPois   .            Y - +2 helmet
rElec   +            r - scarf {rC+ rF+}
rCorr   .            l - +2 pair of gloves "Jifyt" {Int+3 Stlth+}
SInv    .            M - +2 pair of boots {Fly}
Will    +++..        (amulet unavailable)
Stlth   ++           (ring unavailable)
HPRegen 1.35/turn    (ring unavailable)
MPRegen 0.13/turn    q - tertiary inducer {rElec rC+ Clar RMsl}

%: repel missiles, clarity
@: finesse-ful, flying, hasted (expiring), very quick
A: off-hand wielding, slow wielding, warmup strikes, no jewellery, agile 1, cold
resistance 2, strong-willed 1, weak 1, noise suppression
0: Orb of Zot
}: 3/15 runes: decaying, silver, gossamer
a: Renounce Religion, Heroism, Finesse, Duel


You escaped.
You worshipped Okawaru.
Okawaru was extremely pleased with you.
You visited 10 branches of the dungeon, and saw 48 of its levels.
You visited 1 bazaar.
You visited 1 ziggurat, and saw 7 of its levels.
You also visited: Trove, Ossuary and Bailey.

You collected 8027 gold pieces.
You spent 4519 gold pieces at shops.

Inventory:

Hand Weapons
 a - the +10 sling of Fov Joonoa (weapon) {antimagic, rElec rC+}
   (You found it on level 3 of the Elven Halls)

   rC+:       It protects you from cold.
   rElec:     It insulates you from electricity.
 f - a +9 hand cannon of freezing (offhand) {Gnaeus}
 F - a +3 hand cannon of freezing
Missiles
 n - 4 silver javelins (quivered)
 y - 5 throwing nets
 Q - 26 javelins
Armour
 c - quicksilver dragon scales
 e - the +4 dragonskin cloak {Aegis}
   (You took it off Tiamat in the Arena)

   Avatar's Aegis: It grants the wearer a chance to resist fire, cold, poison,
   electricity, acid, and negative energy.
 l - the +2 pair of gloves "Jifyt" (worn) {Int+3 Stlth+}
   (Okawaru gifted it to you on level 1 of the Orcish Mines)

   Int+3:     It affects your intelligence (+3).
   Stlth+:    It makes you more stealthy.
 r - a scarf of resistance (worn)
 t - +5 gold dragon scales
 D - the +4 ring mail of Fanaticism (worn) {Regen+ Str+2}
   (You bought it in a shop on level 2 of the Orcish Mines)

   Str+2:     It affects your strength (+2).
   Regen+:    It increases your rate of health regeneration.
 I - a +2 cloak of poison resistance
 M - a +2 pair of boots of flying (worn)
 Y - a +2 helmet (worn)
Gizmo
 q - a tertiary inducer (installed) {rElec rC+ Clar RMsl}
   (You invented it yourself on level 5 of the Lair of Beasts)

   [tertiary inducer]

   rC+:       It protects you from cold.
   rElec:     It insulates you from electricity.
   Clar:      It protects you from confusion, rage, mesmerisation and fear.
   RMsl:      It protects you from missiles.
Talismans
 V - a granite talisman
Wands
 b - a wand of iceblast (66)
 O - a wand of acid (7)
 R - a wand of paralysis (14)
 X - a wand of digging (4)
Scrolls
 g - a scroll of torment
 i - 5 scrolls of fog
 j - 11 scrolls of poison
 k - 4 scrolls of immolation
 o - a scroll of blinking
 v - 10 scrolls of teleportation
 J - 9 scrolls of amnesia
 K - 10 scrolls of noise
 S - 2 scrolls of fear
 T - 5 scrolls of revelation
 W - 2 scrolls of silence
Potions
 d - 9 potions of mutation
 h - 9 potions of curing
 m - 4 potions of cancellation
 p - 8 potions of heal wounds
 s - 5 potions of attraction
 u - 4 potions of magic
 w - 10 potions of brilliance
 x - 7 potions of ambrosia
 z - 2 potions of might
 B - a potion of resistance
 H - 6 potions of lignification
 N - 8 potions of enlightenment
 Z - a potion of berserk rage
Miscellaneous
 C - a Gell's gravitambourine (1/2)
 U - a tin of tremorstones (2/2)


   Skills:
 - Level 17.0 Fighting
 - Level 18.0 Ranged Weapons
 - Level 16.0 Throwing
 + Level 16.7 Armour
 - Level 13.9 Dodging
 - Level 7.5 Stealth
 - Level 6.0 Spellcasting
 - Level 9.6 Hexes
 - Level 4.0 Air Magic
 - Level 11.5 Alchemy
 + Level 18.0 Invocations
 - Level 9.4 Evocations
 - Level 14.8 Shapeshifting


You had 27 spell levels left.
You knew the following spells:

 Your Spells              Type           Power      Damage    Failure   Level
a - Yara's Violent Unrav  Hex/Alch       13%        3d7       10%         5
b - Swiftness             Air            12%        N/A       16%         3
c - Passwall              Erth           3%         N/A       63%         3

Your spell library contained the following spells:

 Spells                   Type           Power      Damage    Failure   Level
 Slow                     Hex            96%        N/A       1%          1
 Jinxbite                 Hex            48%        N/A       1%          2
 Mercury Vapours          Alch/Air       40%        N/A       1%          2
 Confusing Touch          Hex            24%        N/A       1%          3
 Sting                    Conj/Alch      60%        1d6       2%          1
 Cigotuvi's Dreadful Rot  Necr/Alch/Air  28%        N/A       4%          2
 Cause Fear               Hex            12%        N/A       5%          4
 Ensorcelled Hibernation  Hex/Ice        26%        N/A       6%          2
 Alistair's Intoxication  Alch           18%        N/A       7%          5
 Mephitic Cloud           Conj/Alch/Air  14%        N/A       10%         3
 Inner Flame              Hex/Fire       13%        N/A       12%         3
 Ignite Poison            Fire/Alch      15%        N/A       26%         4
 Leda's Liquefaction      Alch/Erth      7%         N/A       26%         4
 Apportation              Tloc           6%         N/A       28%         1
 Foxfire                  Conj/Fire      12%        2x1d4     28%         1
 Necrotise                Necr           12%        1d4       28%         1
 Sandblast                Erth           6%         2d5       28%         1
 Anguish                  Hex/Necr       6%         N/A       36%         4
 Eringya's Noxious Bog    Alch           14%        4d6       36%         6
 Scorch                   Fire           6%         2d5       38%         2
 Sublimation of Blood     Necr           3%         N/A       38%         2
 Fugue of the Fallen      Necr           3%         N/A       63%         3
 Ozocubu's Armour         Ice            3%         N/A       63%         3
 Stone Arrow              Conj/Erth      6%         3d7       63%         3
 Vampiric Draining        Necr           3%         2d6       63%         3
 Vhi's Electric Charge    Tloc/Air       14%        N/A       77%         4
 Flame Wave               Conj/Fire      3%         2d5       95%         4
 Passage of Golubria      Tloc           3%         N/A       95%         4
 Arcjolt                  Conj/Air       3%         1d13      98%         5
 Freezing Cloud           Conj/Ice/Air   3%         6-21      99%         5
 Enfeeble                 Hex            12%        N/A       99%         7
 Borgnjor's Vile Clutch   Necr/Erth      1%         N/A       100%        5
 Curse of Agony           Necr           3%         N/A       100%        5
 Lee's Rapid Deconstruct  Erth           1%         3d4*      100%        5
 Conjure Ball Lightning   Conj/Air       3%         3x3d6     100%        6
 Dispersal                Tloc           1%         N/A       100%        6
 Gell's Gavotte           Tloc           1%         2d(12-17) 100%        6
 Permafrost Eruption      Ice/Erth       1%         2x4d2     100%        6
 Plasma Beam              Fire/Air       3%         2x1d13    100%        6
 Starburst                Conj/Fire      1%         6d3       100%        6
 Magnavolt                Erth/Air       3%         3d9       100%        7
 Manifold Assault         Tloc           1%         N/A       100%        7
 Rimeblight               Ice/Necr       1%         2d3       (prima100%   7
 Seismic Cannonade        Alch/Erth      7%         6d5       100%        7
 Disjunction              Tloc           1%         N/A       100%        8
 Maxwell's Capacitive Co  Air            6%         ∞         100%        8
 Fire Storm               Conj/Fire      1%         8d1       100%        9
 Tukima's Dance           Hex            Unusable   N/A       N/A         3
 Call Imp                 Summ           Unusable   N/A       N/A         2
 Summon Lightning Spire   Summ/Air       Unusable   N/A       N/A         4
 Animate Armour           Summ/Erth      Unusable   N/A       N/A         4
 Martyr's Knell           Necr/Summ      Unusable   N/A       N/A         4
 Sculpt Simulacrum        Ice/Alch       Unusable   N/A       N/A         6
 Death Channel            Necr           Unusable   N/A       N/A         6
 Summon Cactus Giant      Summ           Unusable   N/A       N/A         6
 Summon Hydra             Summ           Unusable   N/A       N/A         7

Dungeon Overview and Level Annotations

Branches:
Dungeon (15/15)            Temple (1/1) D:6            Lair (5/5) D:10
  Swamp (4/4) Lair:2       Spider (4/4) Lair:2        Slime (0/5) Lair:4
    Orc (2/2) D:9             Elf (3/3) Orc:2        Vaults (5/5) D:13
  Crypt (0/3) Vaults:3     Depths (4/4) D:15            Zot (5/5) Depths:4
Ossuary (visited)          Bailey (visited)

Altars:
Ashenzari
Cheibriados
Dithmenos
Elyvilon
Fedhas
Gozag
Hepliaklqana
Kikubaaqudgha
Makhleb
Nemelex Xobeh
Okawaru
Qazlal
Ru
Sif Muna
Trog
Uskayaw
Vehumet
Wu Jian
Xom
Yredelemnul
Zin
The Shining One
Beogh
Jiyva
Lugonu

Shops:
D:13 (   Orc:2 =[**   Elf:2 =   Vaults:1 *   Vaults:4 *   Depths:1 *

Portals:
Hell: Depths:1 Depths:2 Depths:3 Depths:4
Abyss: Zot:5 Depths:1 Depths:3
Pandemonium: Orc:2 Depths:1 Depths:2

Annotations:
D:9 exclusion: orange crystal statue
D:13 2 transporters, Fulij's ghost, journeyman MiFi
Lair:5 exclusion: obsidian statue
Spider:3 3 runed translucent doors, Gopnoam's ghost, adept OnFi; Niv Okit's ghost, adept TeFi; Sukhag's ghost, adept MiCA
Orc:1 1 runed translucent door, Stellion's ghost, journeyman DrCj
Elf:2 1 runed translucent door
Depths:4 2 transporters, Lucarghiu's ghost, veteran GnWn
Zot:3 4 transporters
Zot:4 exclusions: 2 doors and 1 more exclusion
Zot:5 exclusion: 2 upstairs


Innate Abilities, Weirdness & Mutations

You can wield a second weapon in your off-hand.
It takes a long time for you to wield or remove held weapons.
Your first few attacks do less damage.
You cannot equip rings or amulets.
You are agile. (Dex +4, Str/Int -1)
Your flesh is very cold resistant. (rC++)
You are strong-willed. (Will+)
You are weak. (Str -2)
You passively dampen the noise of your surroundings.


Message History

You fly upwards.
There is a stone staircase leading down here.
A reaper comes into view. It is wielding a +1 scythe of venom.
There is a stone staircase leading up, spattered with blood here.
You can now deal lightning-fast blows.
You shoot a sling bullet.
The sling bullet hits the reaper but does no damage.
You shoot a slug. The slug hits the reaper!
The reaper is moderately wounded.
You shoot a slug. The slug hits the reaper!!
The slug freezes the reaper.
The reaper is severely wounded.
You shoot a sling bullet. The sling bullet hits the reaper!
The reaper is severely wounded.
You shoot a sling bullet.
The sling bullet hits the reaper but does no damage.
The reaper is severely wounded.
You shoot a slug. The slug hits the reaper.
The reaper is severely wounded.
You shoot a sling bullet.
The sling bullet completely misses the reaper.
You shoot a slug. The slug hits the reaper!
The slug freezes the reaper.
The reaper is almost dead.
You shoot a slug. The slug hits the reaper!
The slug freezes the reaper.
You kill the reaper!
Okawaru accepts your kill.
You shoot a sling bullet.
Your tin of tremorstones (2/2) has regained one charge.
What level of the Dungeon? (default 1, ? - help)
You fly upwards.
There is a stone staircase leading down here.
Aiming: Dig
Press: ? - help, Shift-Dir - straight line A rock wall.
This square is covered in magical glow.
The rock shatters into small pieces.
You feel yourself speed up.
A Hell Sentinel comes into view.
There is a staircase leading out of the dungeon here.
Your extra speed is starting to run out.
You have escaped!

#.......#...# #..........##≈≈≈~~
#.......#######..........#####..
#.......'.....#..........# #.#.
#.......#####################.#.
#.......#...............^.....#.
#...............................
#..........#####################
########...# ##################
#...# #@#..#...##..#...# #...#
#..##..##..#...#.. #...#
###..#..#.#..#..#. #...#
#..####.##..#..##. #...#
#.##...#.#..#..##. #...#
#..#.###..#...#..# #...#
##..###.#.#..#...# #...#
#.###..##.##...... #####
#.#...#.##.#...#..


There were no monsters in sight!

Vanquished Creatures
  Tiamat (Arena)
  A dread lich (Vaults:5)
  3 orbs of fire
  5 ancient liches
  Xtahua (Vaults:4)
  A juggernaut (Depths:3)
  Vv (Zot:3)
  2 Killer Klowns
  2 curse toes (Zot:3)
  11 golden dragons
  Nikola (Swamp:3)
  Norris (Vaults:1)
  3 electric golems (Zot:5)
  20 tentacled monstrosities
  Rupert (D:15)
  21 Orb Guardians
  A lich (Vaults:5)
  A walking earthen tome (Depths:3)
  5 titans
  4 deep elf blademasters
  6 quicksilver dragons
  6 sphinxes
  A deep elf master archer (Elf:3)
  An ancient champion (Vaults:3)
  6 death cobs
  Gastronok (Lair:3)
  2 thorn hunters (Swamp:3)
  8 shadow dragons
  5 tengu reavers
  18 storm dragons
  Roxanne (D:15)
  3 draconian monks
  4 fire giants
  3 draconian knights
  9 emperor scorpions
  6 frost giants
  13 vault wardens
  7 draconian scorchers
  8 draconian shifters
  3 iron dragons
  15 deep elf elementalists (Elf:3)
  8 deep elf sorcerers (Elf:3)
  5 ghost moths
  A ghoul (Vaults:3)
  5 orc warlords
  3 broodmothers
  A reaper (D:2)
  A caustic shrike zombie (Depths:3)
  2 spriggan defenders (Depths:2)
  10 draconian stormcallers
  11 stone giants
  2 angels (Depths:2)
  14 very ugly things
  5 draconian annihilators
  23 ironbound preservers
  8 deep elf demonologists
  8 black draconians
  2 caustic shrike skeletons
  5 deep elf death magi
  4 ironbound thunderhulks
  A lorocyproca (Depths:2)
  9 deep elf annihilators
  11 green draconians
  6 eleionomae
  9 purple draconians
  9 white draconians
  11 yellow draconians
  4 dire elephants
  20 red draconians
  16 spark wasps
  4 war gargoyles (Vaults:5)
  5 bunyips
  17 ettins
  3 shambling mangroves
  3 green deaths
  2 quicksilver dragon zombies
  2 fire dragons
  12 entropy weavers
  A blizzard demon (Depths:1)
  3 rakshasas
  9 yaktaur captains
  4 deep elf high priests
  2 ice dragons
  6 great orbs of eyes
  4 ghost crabs
  19 hydras
  5 spriggan air magi
  An ogre mage (Vaults:5)
  34 vault guards
  A death knight (D:14)
  A radroach (Spider:1)
  3 demonspawn (Orc:2)
  2 jorogumos (Spider:3)
  22 centaur warriors
  4 boulder beetles
  8 ironbound frosthearts
  A catoblepas (Lair:5)
  34 dancing weapons
  An anaconda (shapeshifter) (Depths:3)
  5 death yaks
  A two-headed ogre (shapeshifter) (Vaults:5)
  6 alligators
  2 death scarabs
  A satyr (shapeshifter) (Depths:3)
  4 two-headed ogres
  7 deep troll shamans
  7 tengu warriors
  A vampire mage (Vaults:3)
  6 spriggan berserkers
  10 deep troll earth magi
  An occultist (Depths:2)
  Urug (Lair:4)
  A storm dragon zombie (D:15)
  7 orc high priests
  A sun demon (Orc:2)
  16 deep elf knights
  9 demonic crawlers
  7 iron trolls
  Sonja (Lair:1)
  3 skeletal warriors (D:15)
  4 hell knights
  A spectral death yak (Lair:5)
  A storm dragon skeleton (Depths:3)
  2 deep elf archers (Elf:1)
  3 pharaoh ants
  A skyshark (shapeshifter) (Depths:3)
  10 skysharks
  92 deep trolls
  5 flayed ghosts
  10 orb spiders
  9 spriggan druids
  7 swamp dragons
  4 bog bodies
  6 glowing orange brains
  7 arcanists
  A goliath frog (Swamp:1)
  A spectral anaconda (Lair:5)
  19 ironbound convokers
  An orb spider (shapeshifter) (Vaults:5)
  11 lindwurms
  3 orange crystal statues
  Pikel (D:8)
  A spriggan simulacrum (Depths:3)
  A lindwurm (shapeshifter) (Vaults:5)
  8 thermic dynamos
  2 obsidian bats
  17 orc knights
  17 deep elf pyromancers
  18 deep elf zephyrmancers
  7 orc sorcerers
  12 necromancers
  3 phantasmal warriors
  4 oklob plants
  10 steelbarb worms
  26 ugly things
  2 manticores (D:14)
  Maurice (Orc:1)
  18 wolf spiders
  3 cyclopes
  26 moths of wrath
  3 will-o-the-wisps
  A dire elephant zombie (Lair:5)
  4 kobold blastminers (Orc:1)
  3 meliai (Spider:3)
  A meliai (shapeshifter) (Elf:3)
  11 vault sentinels
  10 elephants (Lair:5)
  2 black mambas
  3 ice statues
  Maggie (D:9)
  6 cane toads
  7 torpor snails
  An unseen horror (D:11)
  A dire elephant skeleton (Lair:5)
  6 rime drakes
  3 freezing wraiths (D:14)
  3 kobold demonologists (D:12)
  7 komodo dragons
  34 yaktaurs
  4 tengu conjurers
  2 guardian mummies (Zig:3)
  An efreet (D:13)
  A spark wasp simulacrum (Depths:3)
  5 bloated husks
  3 polar bears
  A wolf spider simulacrum (D:14)
  A merfolk (shapeshifter) (Depths:3)
  9 tyrant leeches
  A tarantella (shapeshifter) (D:13)
  4 trolls
  21 jumping spiders
  2 raiju (shapeshifter)
  16 tarantellas
  34 hornets
  9 blink frogs
  2 glass eyes (Depths:2)
  6 dream sheep (Lair:4)
  A dream sheep (shapeshifter) (Depths:2)
  A fire giant simulacrum (Depths:3)
  A centaur simulacrum (D:15)
  2 air elementals (Elf:1)
  An ettin skeleton (Orc:1)
  17 culicivoras
  5 wyverns
  4 wraiths
  3 water elementals
  39 slime creatures
  3 shadows
  5 vampires
  2 ynoxinuls
  A yak (shapeshifter) (D:14)
  26 spriggans
  2 basilisks
  34 yaks
  4 wargs
  74 redbacks
  8 vampire mosquitoes
  A death yak simulacrum (Lair:5)
  Menkaure (D:5)
  4 spectral cane toads (Lair:5)
  11 swamp worms
  An acid dragon (D:11)
  14 water moccasins
  33 orc warriors
  8 swamp drakes
  5 ice beasts (D:10)
  4 laughing skulls
  9 ogres
  18 wolves
  A boggart (Vaults:1)
  An elephant skeleton (Lair:5)
  A boggart (shapeshifter) (Vaults:5)
  An elephant zombie (Lair:5)
  12 centaurs
  A lemure (D:8)
  3 phantoms
  3 elf zombies (Ossuary)
  3 kobold brigands
  9 bullfrogs
  A gnoll sergeant (D:12)
  Blork the orc (D:4)
  A cane toad simulacrum (Lair:5)
  5 earth elementals
  A kobold skeleton (Orc:1)
  5 scorpions
  A cyclops skeleton (Orc:1)
  4 wights (D:8)
  4 elephant simulacra (Lair:5)
  6 killer bees (D:7)
  A troll skeleton (Orc:1)
  4 electric eels
  4 howler monkeys
  2 centaur zombies (Ossuary)
  3 human zombies (Ossuary)
  6 hounds
  2 jellies
  22 orc priests
  2 iguanas
  Terence (D:2)
  2 sleepcaps
  16 orc wizards
  An ogre zombie (Orc:1)
  2 ogre skeletons (Orc:1)
  6 hound zombies (Ossuary)
  3 mummies
  7 gnolls
  4 adders
  A shadow imp (D:7)
  2 adder zombies (Ossuary)
  5 dart slugs
  3 ribbon worms
  86 orcs
  6 ball pythons
  7 endoplasms
  3 giant cockroaches
  4 gnoll zombies (Ossuary)
  13 goblins
  16 hobgoblins
  4 jackals (D:2)
  21 kobolds
  3 quokkas
  4 bats
  3 frilled lizards
  6 jackal zombies (Ossuary)
  5 kobold zombies (Ossuary)
  9 orc zombies
  6 rats
  A lurking horror (Zot:5)
2042 creatures vanquished.

Vanquished Creatures (collateral kills)
  A hornet (D:6)
  A jelly (D:6)
  An adder (D:6)
3 creatures vanquished.

Vanquished Creatures (others)
  A frost giant (Vaults:5)
  2 draconian knights
  A spectral death yak (Lair:5)
  A bloated husk (Swamp:3)
  10 foxfires
15 creatures vanquished.

Grand Total: 2060 creatures vanquished

Notes
Turn   | Place    | Note
-------+----------+-------------------------------------------
     0 | D:1      | bananaken the Coglin Hunter began the quest for the Orb.
     0 | D:1      | Reached XP level 1. HP: 16/16 MP: 1/1
    60 | D:1      | Reached skill level 1 in Stealth
   100 | D:1      | Reached XP level 2. HP: 22/22 MP: 2/2
   376 | D:1      | Reached XP level 3. HP: 28/28 MP: 3/3
   884 | D:2      | Noticed Terence
  1445 | D:2      | Reached XP level 4. HP: 26/34 MP: 4/4
  1719 | D:2      | Killed Terence
  2140 | D:3      | Found an opulent altar of Gozag.
  2249 | D:3      | Reached XP level 5. HP: 35/41 MP: 5/5
  2620 | D:3      | Found a faded altar of an unknown god.
  2646 | D:3      | Found a glowing silver altar of Zin.
  2980 | D:4      | Noticed an ogre
  2991 | D:4      | Killed an ogre
  2992 | D:4      | Reached skill level 1 in Throwing
  2992 | D:4      | Reached XP level 6. HP: 47/47 MP: 6/6
  3089 | D:4      | Noticed Blork the orc
  3099 | D:4      | Killed Blork the orc
  3727 | D:4      | Found a glowing golden altar of the Shining One.
  3794 | D:5      | Entered Level 5 of the Dungeon
  3795 | D:5      | Identified 2 scrolls of acquirement
  3799 | D:4      | Acquired 1299 gold pieces
  3882 | D:5      | Found a sand-covered staircase.
  3887 | Ossuary  | Entered an ossuary
  3981 | Ossuary  | Reached XP level 7. HP: 45/53 MP: 7/7
  3983 | Ossuary  | Reached skill level 5 in Ranged Weapons
  4391 | Ossuary  | Reached skill level 5 in Fighting
  4391 | Ossuary  | Reached XP level 8. HP: 37/62 MP: 8/8
  4590 | D:5      | Acquired a +4 hand cannon of flaming
  4961 | D:5      | Found a basalt altar of Yredelemnul.
  5157 | D:5      | Found a burning altar of Makhleb.
  5158 | D:5      | Found a shimmering altar of Xom.
  5158 | D:5      | Found a sparkling altar of Nemelex Xobeh.
  5158 | D:5      | Noticed Menkaure
  5161 | D:5      | Killed Menkaure
  5425 | D:6      | Noticed a hornet
  5441 | D:6      | Killed a hornet
  5467 | D:6      | Found a broken altar of Ashenzari.
  5485 | D:6      | Reached XP level 9. HP: 71/71 MP: 9/9
  5541 | D:6      | Found a staircase to the Ecumenical Temple.
  5710 | D:6      | Reached skill level 1 in Evocations
  5904 | Temple   | Found a transporter.
  5904 | Temple   | Found a transporter.
  5904 | Temple   | Found a transporter.
  5904 | Temple   | Found a transporter.
  5904 | Temple   | Entered the Ecumenical Temple
  6159 | D:7      | Noticed a two-headed ogre
  6163 | D:7      | Killed a two-headed ogre
  6164 | D:7      | Reached skill level 5 in Evocations
  6445 | D:7      | Reached XP level 10. HP: 66/77 MP: 10/10
  6823 | D:8      | Reached skill level 10 in Ranged Weapons
  6823 | D:8      | Noticed Pikel
  6829 | D:8      | Killed Pikel
  6946 | D:8      | Found a flagged portal.
  6963 | Bailey   | Entered a bailey
  7052 | Bailey   | Reached XP level 11. HP: 83/83 MP: 11/11
  7822 | D:9      | Noticed Maggie
  7825 | D:9      | Killed Maggie
  8028 | D:9      | Noticed a two-headed ogre
  8031 | D:9      | Killed a two-headed ogre
  8041 | D:9      | Found a staircase to the Orcish Mines.
  8195 | D:9      | Found a shimmering blue altar of Sif Muna.
  8199 | D:9      | Found a snail-covered altar of Cheibriados.
  8204 | D:9      | Found a hide-covered altar of Uskayaw.
  8212 | D:9      | Found an iron altar of Okawaru.
  8226 | D:9      | Became a worshipper of Warmaster Okawaru
  8286 | D:9      | Found a radiant altar of Vehumet.
  8345 | D:9      | Noticed an orange crystal statue
  8440 | D:9      | Found an ornate altar of the Wu Jian Council.
  8694 | D:10     | Entered Level 10 of the Dungeon
  8746 | D:10     | Reached skill level 1 in Invocations
  8865 | D:10     | Reached * piety under Okawaru
  8879 | D:10     | Reached XP level 12. HP: 91/91 MP: 13/13
  8885 | D:10     | Found a staircase to the Lair.
  9295 | D:10     | Found a bloodstained altar of Trog.
  9619 | Lair:1   | Entered Level 1 of the Lair of Beasts
  9847 | Lair:1   | Found a radiant altar of Vehumet.
  9874 | Lair:1   | Reached skill level 15 in Ranged Weapons
  9881 | Lair:1   | Reached ** piety under Okawaru
  9900 | Lair:1   | Noticed Sonja
  9906 | Lair:1   | Killed Sonja
 10039 | Lair:1   | Reached *** piety under Okawaru
 10119 | Lair:1   | Got the Dissertation on Guile and Austromancy
 10591 | Lair:2   | Found a hole to the Spider Nest.
 10639 | Lair:2   | Reached **** piety under Okawaru
 10935 | Lair:2   | Noticed a skyshark
 10939 | Lair:2   | Killed a skyshark
 11041 | Lair:2   | Found a staircase to the Swamp.
 11126 | Lair:2   | Reached XP level 13. HP: 88/99 MP: 16/16
 11665 | Lair:3   | Reached ***** piety under Okawaru
 11811 | Lair:3   | Received a gift from Okawaru
 11974 | Lair:3   | Reached skill level 5 in Invocations
 12241 | Lair:3   | Noticed Gastronok
 12251 | Lair:3   | Killed Gastronok
 13018 | Lair:4   | Noticed Urug
 13029 | Lair:4   | Killed Urug
 13434 | Lair:4   | Found a viscous altar of Jiyva.
 13434 | Lair:4   | Found a staircase to the Slime Pits.
 13771 | Lair:5   | Entered Level 5 of the Lair of Beasts
 13779 | Lair:5   | Received a gift from Okawaru
 14023 | Lair:5   | Reached skill level 10 in Fighting
 14160 | Lair:5   | Received a gift from Okawaru
 14331 | Lair:5   | Noticed a dire elephant
 14344 | Lair:5   | Reached XP level 14. HP: 110/110 MP: 18/18
 15347 | Lair:5   | Reached ****** piety under Okawaru
 15348 | Lair:5   | Acquired a +4 sling of freezing
 15348 | Lair:5   | Received a gift from Okawaru
 15394 | Lair:5   | Killed a dire elephant
 15394 | Lair:5   | Received a gift from Okawaru
 15405 | Lair:5   | Identified the +4 hand axe of Eternal Vigilance {flame,
                  | rPois}
 15678 | Orc:1    | Entered Level 1 of the Orcish Mines
 15734 | Orc:1    | Found a roughly hewn altar of Beogh.
 16273 | Orc:1    | Found Oguikh's Distillery.
 16283 | Orc:1    | Noticed Maurice
 16289 | Orc:1    | Killed Maurice
 16354 | Orc:1    | Acquired the +2 pair of gloves "Jifyt" {Int+3 Stlth+}
 16354 | Orc:1    | Received a gift from Okawaru
 16404 | Orc:1    | Acquired a tertiary inducer {rElec rC+ Clar RMsl}
 16563 | Orc:1    | Bought a potion of magic for 80 gold pieces
 16563 | Orc:1    | Bought a potion of ambrosia for 80 gold pieces
 16563 | Orc:1    | Bought a potion of mutation for 80 gold pieces
 16563 | Orc:1    | Bought a potion of curing for 30 gold pieces
 16563 | Orc:1    | Bought a potion of ambrosia for 80 gold pieces
 16563 | Orc:1    | Bought 2 potions of resistance for 200 gold pieces
 16790 | Orc:1    | Found a runed translucent door.
 16790 | Orc:1    | Noticed Stellion's ghost (journeyman DrCj)
 16874 | Orc:1    | Found a roughly hewn altar of Beogh.
 17023 | Orc:2    | Entered Level 2 of the Orcish Mines
 17046 | Orc:2    | Found a staircase to the Elven Halls.
 17049 | Orc:2    | Received a gift from Okawaru
 17229 | Orc:2    | Found Aceaka Somi's General Store.
 17244 | Orc:2    | Reached skill level 1 in Armour
 17271 | Orc:2    | Found Ixet's General Store.
 17280 | Orc:2    | Bought a scroll of blinking for 90 gold pieces
 17282 | Orc:2    | Bought a scroll of fog for 48 gold pieces
 17282 | Orc:2    | Bought a potion of lignification for 36 gold pieces
 17570 | Orc:2    | Reached skill level 5 in Dodging
 17588 | Orc:2    | Reached XP level 15. HP: 120/120 MP: 21/21
 17701 | Orc:2    | Received a gift from Okawaru
 17888 | Orc:2    | Found Vokkomidd's Antique Armour Emporium.
 17888 | Orc:2    | Found Omygyj's Jewellery Shoppe.
 17889 | Orc:2    | Found a one-way gate leading to the halls of Pandemonium.
 17891 | Orc:2    | Bought a faintly humming ring mail for 270 gold pieces
 17891 | Orc:2    | Identified the +4 ring mail of Fanaticism {Regen+ Str+2}
                  | (You bought it in a shop on level 2 of the Orcish Mines)
 17910 | Orc:2    | Bought a runed cloak for 225 gold pieces
 18161 | Swamp:1  | Entered Level 1 of the Swamp
 18870 | Swamp:1  | Received a gift from Okawaru
 19136 | Swamp:2  | Reached skill level 5 in Armour
 19385 | Swamp:2  | Received a gift from Okawaru
 19746 | Swamp:3  | Received a gift from Okawaru
 19817 | Swamp:3  | Reached XP level 16. HP: 127/127 MP: 23/23
 19875 | Swamp:3  | Reached skill level 5 in Throwing
 19888 | Swamp:3  | Noticed a thorn hunter
 19890 | Swamp:3  | Noticed a thorn hunter
 19898 | Swamp:3  | Killed a thorn hunter
 19903 | Swamp:3  | Killed a thorn hunter
 20129 | Swamp:3  | Noticed Nikola
 20140 | Swamp:3  | Killed Nikola
 20140 | Swamp:3  | Received a gift from Okawaru
 20280 | Swamp:4  | Entered Level 4 of the Swamp
 20446 | Swamp:4  | Reached skill level 10 in Invocations
 20528 | Swamp:4  | Received a gift from Okawaru
 20590 | Swamp:4  | Got a decaying rune of Zot
 20965 | Swamp:4  | Received a gift from Okawaru
 21498 | Elf:1    | Entered Level 1 of the Elven Halls
 21696 | Elf:1    | Found a flickering gateway to a bazaar.
 21715 | Bazaar   | Entered a bazaar
 21717 | Bazaar   | Found Juahen's Distillery.
 21721 | Bazaar   | Found Hybber's Antique Armour Boutique.
 21721 | Bazaar   | Found Bypnaro's Assorted Antiques.
 21722 | Bazaar   | Found Xeonyot's Distillery.
 21737 | Bazaar   | Bought an encrusted scale mail for 243 gold pieces
 21737 | Bazaar   | Identified the +0 scale mail of Subjectivity {Dex+3 SInv}
                  | (You bought it in a shop in a bazaar)
 21737 | Bazaar   | Bought a scroll of teleportation for 81 gold pieces
 21737 | Bazaar   | Bought a scroll of identify for 54 gold pieces
 21737 | Bazaar   | Bought a scroll of blinking for 202 gold pieces
 21742 | Bazaar   | Bought a potion of curing for 81 gold pieces
 21752 | Bazaar   | Bought a glowing cloak for 225 gold pieces
 21760 | Bazaar   | Bought a potion of invisibility for 120 gold pieces
 21760 | Bazaar   | Bought a potion of curing for 45 gold pieces
 21760 | Bazaar   | Bought a potion of mutation for 120 gold pieces
 21760 | Bazaar   | Bought a potion of heal wounds for 75 gold pieces
 21760 | Bazaar   | Bought a potion of curing for 45 gold pieces
 21760 | Bazaar   | Bought a potion of mutation for 120 gold pieces
 21782 | Bazaar   | Bought a potion of haste for 160 gold pieces
 21782 | Bazaar   | Bought a potion of might for 64 gold pieces
 21782 | Bazaar   | Bought a potion of mutation for 128 gold pieces
 21782 | Bazaar   | Bought 2 potions of resistance for 320 gold pieces
 21782 | Bazaar   | Bought a potion of might for 64 gold pieces
 21782 | Bazaar   | Bought a potion of might for 64 gold pieces
 22018 | Elf:1    | Reached XP level 17. HP: 117/133 MP: 22/25
 22117 | Elf:1    | Received a gift from Okawaru
 22489 | Elf:2    | Found Susuor's Jewellery Boutique.
 22642 | Elf:2    | Found a runed translucent door.
 22667 | Elf:2    | Found a runed translucent door.
 22877 | Elf:2    | Received a gift from Okawaru
 23092 | Elf:2    | Noticed a deep elf blademaster
 23097 | Elf:2    | Killed a deep elf blademaster
 23101 | Elf:2    | Reached skill level 10 in Dodging
 23171 | Elf:2    | Received a gift from Okawaru
 23471 | Elf:3    | Entered Level 3 of the Elven Halls
 23956 | Elf:3    | Received a gift from Okawaru
 23968 | Elf:3    | Reached XP level 18. HP: 109/140 MP: 26/26
 23978 | Elf:3    | Noticed a deep elf blademaster
 23988 | Elf:3    | Killed a deep elf blademaster
 24038 | Elf:3    | Noticed a Hell Sentinel
 24038 | Elf:3    | Noticed a deep elf blademaster
 24048 | Elf:3    | Killed a deep elf blademaster
 24073 | Elf:3    | Noticed a deep elf master archer
 24078 | Elf:3    | Killed a deep elf master archer
 24096 | Elf:3    | Noticed a deep elf blademaster
 24097 | Elf:3    | Reached skill level 10 in Armour
 24103 | Elf:3    | Killed a deep elf blademaster
 24107 | Elf:3    | Received a gift from Okawaru
 24303 | Elf:3    | Identified the staff "Vonlotya" {rPois rC+ Tloc Alchemy}
 24308 | Elf:3    | Received a gift from Okawaru
 24310 | Elf:3    | Identified the ring of Date Ucy {Ice rPois Int-2 Dex+8}
 24313 | Elf:3    | Reached skill level 10 in Throwing
 24340 | Elf:3    | Identified the ring of Sekhlud {+Blink rPois Str+6 Stlth-}
 24379 | Elf:3    | Identified the +2 spear of Fiur {venom, Will+ Stlth+}
 24400 | Elf:3    | Identified the +3 short sword of Imminent Death {freeze,
                  | rPois rF+ Will+ Dex+4}
 24426 | Elf:3    | Identified the staff of Darkness {rPois Str+3 Dex+2 Conj
                  | Ice}
 24446 | Elf:3    | Identified the staff "Okkokkas" {rC+ Will- Str+3 Fire Ice}
 24452 | Elf:3    | Identified the +6 spear "Bedakluo" {freeze, rF+ Will+}
 24463 | Elf:3    | Got the Spellbook of Fever
 24469 | Elf:3    | Identified the +3 scimitar of Bukeock {venom, rPois rC+
                  | Str-4 Dex+5}
 24483 | Elf:3    | Identified the +10 sling of Fov Joonoa {antimagic, rElec
                  | rC+}
 25006 | Spider:1 | Entered Level 1 of the Spider Nest
 25676 | Spider:1 | Received a gift from Okawaru
 25685 | Spider:1 | Acquired a manual of Throwing
 26741 | Spider:1 | Reached XP level 19. HP: 29/146 MP: 9/28
 27055 | Spider:1 | Received a gift from Okawaru
 27186 | Spider:2 | Learned a level 5 spell: Yara's Violent Unravelling
 27591 | Spider:3 | Reached skill level 1 in Alchemy
 27615 | Spider:3 | Reached skill level 1 in Hexes
 27972 | Spider:3 | Received a gift from Okawaru
 28347 | Spider:3 | Found a runed translucent gate.
 28347 | Spider:3 | Found a runed translucent gate.
 28347 | Spider:3 | Found a runed translucent gate.
 28348 | Spider:3 | Noticed Sukhag's ghost (adept MiCA)
 28348 | Spider:3 | Noticed Niv Okit's ghost (adept TeFi)
 28348 | Spider:3 | Noticed Gopnoam's ghost (adept OnFi)
 28348 | Spider:3 | Noticed Sukhag's ghost (adept MiCA)
 28905 | Spider:3 | Received a gift from Okawaru
 29592 | D:11     | Identified the +2 war axe of Woavuj {venom, *Rage Fly rF++
                  | Int+2}
 29831 | D:12     | Identified the +5 war axe "Goblin's Doom" {speed, *Corrode
                  | rElec Str+2 Int+2}
 30419 | D:13     | Found a transporter.
 30419 | D:13     | Found a transporter.
 30560 | D:13     | Found an ornate altar of the Wu Jian Council.
 30602 | D:13     | Reached skill level 5 in Stealth
 30953 | D:13     | Found a gate to the Vaults.
 31021 | D:13     | Found a bloodstained altar of Trog.
 31031 | D:13     | Noticed Fulij's ghost (journeyman MiFi)
 31097 | D:13     | Found Calaot's Weapon Shoppe.
 31266 | D:14     | Received a gift from Okawaru
 31522 | D:14     | Reached skill level 5 in Alchemy
 31859 | D:15     | Entered Level 15 of the Dungeon
 31860 | D:15     | Noticed Rupert
 31895 | D:15     | Reached skill level 1 in Spellcasting
 32008 | D:15     | Found a shadowy altar of Dithmenos.
 32060 | D:15     | Paralysed by Rupert for 2 turns
 32068 | D:15     | Killed Rupert
 32071 | D:15     | Reached XP level 20. HP: 151/156 MP: 2/29
 32169 | D:15     | Found a staircase to the Depths.
 32253 | D:15     | Noticed Roxanne
 32270 | D:15     | Killed Roxanne
 32385 | Vaults:1 | Entered Level 1 of the Vaults
 32535 | Vaults:1 | Received a gift from Okawaru
 32658 | Vaults:1 | Found Taepsuoll's Assorted Antiques.
 32728 | Vaults:1 | Reached skill level 5 in Hexes
 32970 | Vaults:1 | Received a gift from Okawaru
 33040 | Vaults:1 | Identified the ring of the Failed Coup {rF++ rC+ Dex+2}
 33086 | Vaults:1 | Identified the +4 spear of Corruption {freeze, Str+3}
 33453 | Vaults:1 | Noticed Norris
 33469 | Vaults:1 | Killed Norris
 33723 | Vaults:1 | Identified the +3 leather armour of Kikubaaqudgha's Hope
                  | {Int+2}
 34071 | Vaults:2 | Received a gift from Okawaru
 34480 | Vaults:2 | Reached XP level 21. HP: 162/162 MP: 7/30
 34698 | Vaults:2 | Reached skill level 5 in Spellcasting
 34802 | Vaults:2 | Received a gift from Okawaru
 35816 | Vaults:3 | Received a gift from Okawaru
 36196 | Vaults:3 | Found a staircase to the Crypt.
 36468 | Vaults:3 | Reached skill level 1 in Shapeshifting
 36809 | Vaults:4 | Received a gift from Okawaru
 36952 | Vaults:4 | Reached skill level 10 in Alchemy
 37002 | Vaults:4 | Reached XP level 22. HP: 165/172 MP: 10/31
 37237 | Vaults:4 | Found Coriwie's Assorted Antiques.
 37245 | Vaults:4 | Bought a scroll of teleportation for 108 gold pieces
 37245 | Vaults:4 | Bought a potion of mutation for 288 gold pieces
 37245 | Vaults:4 | Gained mutation: You are frail. (-10% HP) [potion of
                  | mutation]
 37245 | Vaults:4 | Gained mutation: You are strong-willed. (Will+) [potion of
                  | mutation]
 37245 | Vaults:4 | Gained mutation: You have a beak for a mouth. [potion of
                  | mutation]
 37246 | Vaults:4 | Lost mutation: You are frail. (-10% HP) [potion of
                  | mutation]
 37246 | Vaults:4 | Lost mutation: You have a beak for a mouth. [potion of
                  | mutation]
 37246 | Vaults:4 | Gained mutation: You are agile. (Dex +4, Str/Int -1)
                  | [potion of mutation]
 37277 | Vaults:4 | Noticed Xtahua
 37299 | Vaults:4 | Killed Xtahua
 37429 | Vaults:4 | Received a gift from Okawaru
 37612 | Vaults:4 | Got the Compendium of Air and the Tincture
 38020 | Vaults:4 | Found a glowing silver altar of Zin.
 38142 | Vaults:5 | Entered Level 5 of the Vaults
 38188 | Vaults:5 | Noticed an ancient lich
 38223 | Vaults:5 | Killed an ancient lich
 38266 | Vaults:5 | Upgraded the game from 0.32-a0-960-g3814254bd7 to
                  | 0.32-a0-961-gd60f5e5fc7
 38453 | Vaults:5 | Received a gift from Okawaru
 38560 | Vaults:5 | Reached skill level 15 in Fighting
 38594 | Vaults:5 | Reached skill level 5 in Shapeshifting
 38953 | Vaults:5 | Received a gift from Okawaru
 39032 | Vaults:5 | Identified the +8 long sword of the Hand {flame, Will+
                  | Dex+3}
 39049 | Vaults:5 | Reached XP level 23. HP: 181/181 MP: 10/32
 39066 | Vaults:5 | Noticed a dread lich
 39067 | Vaults:5 | Reached skill level 15 in Throwing
 39251 | Vaults:5 | Got Sif Muna's Spellbook of the Solid Missiles
 39261 | Vaults:5 | Killed a dread lich
 39275 | Vaults:5 | Got a silver rune of Zot
 39620 | Vaults:5 | Identified the staff of Ciozeleo {rElec rN+ Necro}
 40395 | Spider:4 | Entered Level 4 of the Spider Nest
 40850 | Spider:4 | Got a gossamer rune of Zot
 41028 | Spider:4 | Received a gift from Okawaru
 41493 | Depths:1 | Entered Level 1 of the Depths
 41754 | Depths:1 | Found Lennaufe's Overcharged Wands.
 41762 | Depths:1 | Bought a wand of digging (11) for 693 gold pieces
 41970 | Depths:1 | Found a gateway to Hell.
 42308 | Depths:1 | Found a one-way gate to the infinite horrors of the Abyss.
 42386 | Depths:1 | Learned a level 3 spell: Swiftness
 42390 | Depths:1 | Learned a level 3 spell: Passwall
 42914 | Depths:2 | Acquired a manual of Invocations
 43494 | Depths:2 | Found a one-way gateway to a ziggurat.
 43644 | Depths:2 | Reached XP level 24. HP: 125/193 MP: 7/32
 43785 | Depths:2 | Received a gift from Okawaru
 44384 | Depths:3 | Reached skill level 10 in Shapeshifting
 44721 | Depths:3 | Received a gift from Okawaru
 44997 | Depths:3 | You are sucked into a shaft and drop 1 floor!
 44997 | Depths:4 | Entered Level 4 of the Depths
 44997 | Depths:4 | Found a basalt altar of Yredelemnul.
 45577 | Depths:3 | Found a portal to a secret trove of treasure.
 45611 | Depths:3 | You paid a toll of 3 scrolls of blinking to enter a
                  | treasure trove
 45612 | Trove    | Entered a treasure trove
 45650 | Trove    | Identified the +2 kite shield of Caufykki {rF+}
 45664 | Trove    | Identified the +0 pair of boots "Uxkuti" {Will+ SInv}
 45930 | Depths:3 | Noticed a juggernaut
 45956 | Depths:3 | Killed a juggernaut
 45958 | Depths:3 | Received a gift from Okawaru
 46364 | Depths:4 | Noticed Lucarghiu's ghost (veteran GnWn)
 46365 | Depths:4 | Found a transporter.
 46366 | Depths:4 | Found a transporter.
 46369 | Depths:4 | Noticed an ancient lich
 46390 | Depths:4 | Found a gate to the Realm of Zot.
 46549 | Zot:1    | Entered Level 1 of the Realm of Zot
 46765 | Zot:1    | Reached XP level 25. HP: 201/201 MP: 10/32
 46913 | Zot:1    | Noticed an orb of fire
 46929 | Zot:1    | Gained mutation: Your body sometimes deteriorates upon
                  | taking damage. [an orb of fire]
 46932 | Zot:1    | Gained mutation: You occasionally lose the ability to drink
                  | potions when taking damage. [an orb of fire]
 46934 | Zot:1    | Killed an orb of fire
 46934 | Zot:1    | Received a gift from Okawaru
 47001 | Zot:1    | Found the +4 dragonskin cloak {Aegis}
 47001 | Zot:1    | Noticed Tiamat
 47224 | Depths:4 | Lost mutation: You are agile. (Dex +4, Str/Int -1) [potion
                  | of mutation]
 47224 | Depths:4 | Lost mutation: Your body sometimes deteriorates upon taking
                  | damage. [potion of mutation]
 47224 | Depths:4 | Gained mutation: You expend magic power (3 MP) to
                  | strengthen your wands. [potion of mutation]
 47224 | Depths:4 | Gained mutation: Your muscles are strong. (Str +4, Int/Dex
                  | -1) [potion of mutation]
 47224 | Depths:4 | Gained mutation: You possess an exceptional clarity of
                  | mind. [potion of mutation]
 47935 | Arena    | Entered the Arena
 47964 | Arena    | Killed Tiamat
 48203 | Zot:2    | Received a gift from Okawaru
 49004 | Zig:1    | Entered Level 1 of a ziggurat
 49030 | Zig:2    | Entered Level 2 of a ziggurat
 49051 | Zig:2    | Identified the +3 ring mail "Ziaz" {Regen+}
 49063 | Zig:3    | Entered Level 3 of a ziggurat
 49251 | Zig:4    | Entered Level 4 of a ziggurat
 49309 | Zig:5    | Entered Level 5 of a ziggurat
 49321 | Zig:5    | Reached skill level 1 in Air Magic
 49349 | Zig:5    | Identified the +6 great sword of Yesterday {freeze, rElec
                  | rPois Str+4 Dex+3}
 49363 | Zig:6    | Entered Level 6 of a ziggurat
 49421 | Zig:6    | Identified the staff "Etsavo Athruo" {^Drain rC+ Int+4
                  | Hexes Tloc Ice}
 49442 | Zig:7    | Entered Level 7 of a ziggurat
 49535 | Depths:2 | Reached XP level 26. HP: 192/208 MP: 9/33
 49925 | Zot:3    | Found a transporter.
 49929 | Zot:3    | Found a transporter.
 49934 | Zot:3    | Found a transporter.
 49934 | Zot:3    | Found a transporter.
 50080 | Zot:3    | Noticed Vv
 50132 | Zot:3    | Reached skill level 15 in Invocations
 50229 | Zot:3    | Killed Vv
 50426 | Zot:3    | Reached XP level 27. HP: 214/214 MP: 11/34
 50549 | Zot:3    | Found a transporter.
 50555 | Zot:3    | Found a transporter.
 50862 | Zot:3    | Received a gift from Okawaru
 50999 | Zot:2    | Lost mutation: You are strong-willed. (Will+) [potion of
                  | mutation]
 50999 | Zot:2    | Lost mutation: Your muscles are strong. (Str +4, Int/Dex
                  | -1) [potion of mutation]
 50999 | Zot:2    | Lost mutation: You occasionally lose the ability to drink
                  | potions when taking damage. [potion of mutation]
 50999 | Zot:2    | Gained mutation: You are strong-willed. (Will+) [potion of
                  | mutation]
 50999 | Zot:2    | Gained mutation: Your flesh is cold resistant. (rC+)
                  | [potion of mutation]
 50999 | Zot:2    | Gained mutation: Your magical capacity is low. (-10% MP)
                  | [potion of mutation]
 50999 | Zot:2    | Gained mutation: Your flesh is very cold resistant. (rC++)
                  | [potion of mutation]
 51000 | Zot:2    | Lost mutation: You expend magic power (3 MP) to strengthen
                  | your wands. [potion of mutation]
 51000 | Zot:2    | Lost mutation: Your magical capacity is low. (-10% MP)
                  | [potion of mutation]
 51000 | Zot:2    | Lost mutation: You are strong-willed. (Will+) [potion of
                  | mutation]
 51000 | Zot:2    | Gained mutation: You expend magic power (3 MP) to
                  | strengthen your wands. [potion of mutation]
 51000 | Zot:2    | Gained mutation: You passively dampen the noise of your
                  | surroundings. [potion of mutation]
 51000 | Zot:2    | Gained mutation: You are agile. (Dex +4, Str/Int -1)
                  | [potion of mutation]
 51454 | Zot:2    | Lost mutation: You possess an exceptional clarity of mind.
                  | [potion of mutation]
 51454 | Zot:2    | Lost mutation: You expend magic power (3 MP) to strengthen
                  | your wands. [potion of mutation]
 51454 | Zot:2    | Gained mutation: You are strong-willed. (Will+) [potion of
                  | mutation]
 51790 | Zot:2    | Reached skill level 15 in Armour
 52137 | Zot:3    | Found a burning altar of Makhleb.
 52359 | Zot:4    | Identified the +5 scale mail of Tag Dys {Regen+ MP+9}
 52377 | Zot:4    | Received a gift from Okawaru
 52415 | Zot:5    | Entered Level 5 of the Realm of Zot
 52588 | Zot:5    | Found a corrupted altar of Lugonu.
 52844 | Zot:5    | Noticed an orb of fire
 52855 | Zot:5    | Gained mutation: You are weak. (Str -2) [an orb of fire]
 52857 | Zot:5    | Killed an orb of fire
 52865 | Zot:5    | Noticed an ancient lich
 52866 | Zot:5    | Noticed an ancient lich
 52874 | Zot:5    | Killed an ancient lich
 52874 | Zot:5    | Received a gift from Okawaru
 52892 | Zot:5    | Noticed an ancient lich
 52900 | Zot:5    | Noticed an orb of fire
 52901 | Zot:5    | Noticed an ancient lich
 52907 | Zot:5    | Killed an ancient lich
 52924 | Zot:5    | Killed an orb of fire
 52925 | Zot:5    | Killed an ancient lich
 52934 | Zot:5    | Killed an ancient lich
 53068 | Zot:5    | Got the Orb of Zot
 53324 | D:14     | Noticed Buhu the pandemonium lord
 53357 | D:10     | Noticed Cisir the pandemonium lord
 53540 | D:$      | Escaped with the Orb!

Illustrated notes

Levels and vault maps discovered:
D:1:      erik_arrival_cave_to_civilisation [erik_arrival_cave_to_hall],
          layout_basic, chequers_serial_rivers_micro_a
D:2:      minmay_door_path, layout_basic, chequers_serial_rivers_small_3,
          minmay_pentomino_pile, uniq_terence
D:3:      layout_loops_ring, nicolae_gozag_seed_capital, lemuel_doored_altar,
          ebering_ecumenical_altar_abandoned,
          nicolae_concentric_dashed_squares_wild
D:4:      layout_loops_ring, tso_oasis_becter, serial_forest,
          infiniplex_forest_straight_5, infiniplex_forest_end_3,
          infiniplex_forest_end_double, infiniplex_forest_clump_long,
          infiniplex_forest_lined_room_, infiniplex_forest_clump_diagonal,
          infiniplex_forest_lined_room_2, minivault_23, uniq_blork_the_orc
D:5:      layout_rooms, dolorous_overflow_abandoned_chaos_spawn_temple,
          mainiacjoe_overflow_surrounded_room, enter_ossuary_2, uniq_menkaure
D:6:      layout_gridville, lemuel_tele_altar, minmay_temple_entry_from_below_a
D:7:      layout_loops_cross
D:8:      layout_cave_pods, enter_bailey_4, uniq_pikel
D:9:      layout_roguey, mainiacjoe_overflow_boulevard,
          nicolae_overflow_macrodata_refinement, lemuel_round_altar,
          orc_0_dummy, minivault_16, minmay_protected_statue, uniq_maggie
D:10:     layout_stronghold, trog_hazing_becter, hellmonk_lair_entry_icy,
          nicolae_zen_rock_garden, chequers_serial_rivers_micro_c,
          minmay_misc_feat_four_crosses
D:11:     layout_irregular_city
D:12:     layout_roguey
D:13:     layout_cave_pods, david_vaults_1, gammafunk_ghost_wrathful_warriors,
          serial_shops, shop, pdpol_wu_jian_five_deadly_venoms
D:14:     layout_long_grid
D:15:     gammafunk_depths_entry_grave, layout_rooms, grunt_dithmenos_smoke,
          uniq_roxanne, uniq_rupert
Temple:   hellmonk_temple_divided_pantheon
Lair:1:   layout_regular_city, basic_altar, serial_bayou_lake_a, uniq_sonja
Lair:2:   layout_small_grid, mainiacjoe_swamp_entry_angry_trees,
          spider_nest_entry_webs
Lair:3:   layout_cave_pods, serial_bayou_shore_b, infiniplex_staircase_pool,
          uniq_gastronok
Lair:4:   layout_cave_pods, dpeg_slime_entry_enclosed, uniq_urug
Lair:5:   due_jungle_book, layout_cave_pods, st_stairs_8
Swamp:1:  layout_basic_swamp, nicolae_swamp_little_swirl, swamp_pool_1_2
Swamp:2:  layout_basic_swamp, evilmike_swamp_ruin_rubble_2,
          nicolae_swamp_tree_isthmus
Swamp:3:  dpeg_oklob_gauntlet, layout_basic_swamp, evilmike_swamp_ruin_house_4,
          uniq_nikola
Swamp:4:  swamp_alternative, layout_basic_swamp
Spider:1: layout_spider_delve
Spider:2: layout_spider_delve
Spider:3: nicolae_spider_hilbert_zone_7 [nicolae_spider_hilbert_4_sides_1_open,
          nicolae_spider_hilbert_4_sides_1_open,
          nicolae_spider_hilbert_4_sides_1_open,
          nicolae_spider_hilbert_4_sides_1_open,
          nicolae_spider_hilbert_3_sides_1_open,
          nicolae_spider_hilbert_3_sides_1_open,
          nicolae_spider_hilbert_3_sides_1_open,
          nicolae_spider_hilbert_3_sides_1_open,
          nicolae_spider_hilbert_4_sides_1_open,
          nicolae_spider_hilbert_4_sides_1_open,
          nicolae_spider_hilbert_4_sides_1_open,
          nicolae_spider_hilbert_2_sides_1_open,
          nicolae_spider_hilbert_2_sides_1_open,
          nicolae_spider_hilbert_2_sides_1_open,
          nicolae_spider_hilbert_2_sides_1_open,
          nicolae_spider_hilbert_2_sides_1_open,
          nicolae_spider_hilbert_2_sides_1_open], gammafunk_ghost_cemetery
Spider:4: grunt_spider_rune_circles, drop_trap
Orc:1:    dreamdust_under_siege, layout_caves, serial_shops, shop,
          gammafunk_ghost_grave, minmay_orc_temple_a, uniq_maurice
Orc:2:    pf_orc_diabolical, layout_caves
Elf:1:    layout_geoelf_diagonals, serial_shops, bzr_entry_customers,
          nicolae_elf_blasts_and_bolts
Elf:2:    nicolae_elf_blades_splatter_lattice
          [nicolae_blade_entry_splitting_headache], layout_geoelf_octagon,
          serial_shops, nicolae_shop_gaudy_bauble
Elf:3:    minmay_elf_hall_hex, layout_geoelf_octagon, minmay_misc_feat_rows,
          serial_sigils_hangedman_etch
Vaults:1: vaults_room_large_hall, vaults_room_grunt_arrival_checkpoint,
          hangedman_vaults_slice, v_misc_8, nicolae_vaults_more_shelving_2,
          ontoclasm_vaults_shuriken, nicolae_vaults_two_Ls,
          nicolae_vaults_layer_cake_slice, layout_vaults_quadrants,
          serial_shops, shop, uniq_norris
Vaults:2: ontoclasm_vaults_ring_small, nicolae_vaults_trapezoid_lopsided_2,
          hangedman_vaults_nails, nicolae_vaults_gold_heap,
          nicolae_vaults_little_ls, nicolae_vaults_trapezoid_lopsided_1,
          minmay_orc_keep, grunt_vaults_bifocal,
          vaults_standard_mumra_enter_the_diamond,
          nicolae_vaults_an_arrangement, ontoclasm_vaults_loading_screen,
          nicolae_vaults_windows_and_doors_thing, vaults_mumra_chevron_long,
          ontoclasm_vaults_spin, vaults_room_semicircle, layout_vaults_omnibox
Vaults:3: v_misc_25, hangedman_vaults_hat, minmay_crypt_entry_simple_corners,
          nicolae_vaults_sightless_eye, v_misc_12, v_misc_23,
          nicolae_vaults_tetromino_Z_1, nicolae_vaults_surprise_closet,
          layout_vaults_big_cross
Vaults:4: lemuel_angel_altar, grunt_vaults_funneled_arena, v_misc_11,
          nicolae_vaults_tetromino_Z_1, vaults_dpeg_doors,
          nicolae_vaults_lightning_bolt, v_misc_30, nicolae_vaults_prndl,
          layout_vaults_chaotic_city, serial_shops, nicolae_shop_crystal,
          uniq_xtahua
Vaults:5
Depths:1: layout_gridlike, rand_demon_pan_entry_5, abyss_entry, serial_glass,
          glass_columns_b, glass_columns_c,
          hangedman_abyss_or_decor_lesser_grid, hell_entry, minivault_16,
          nicolae_shop_overcharged_wands
Depths:2: regret_index_malice_mire, layout_cave_shapes, enter_ziggurat_f,
          grunt_pan_entry_in_and_out, hell_entry, nicolae_triple_integral
Depths:3: grunt_twist_and_shout, layout_honeycomb, nicolae_trove_entry_isolated,
          hell_entry, abyss_entry, roderic_lattice_a, small_statue_intersection,
          grunt_potential
Depths:4: evilmike_zot_entry_basic, layout_cave_pools, hell_entry,
          yredelemnul_altar_generic, gammafunk_ghost_mausoleum
Zot:1:    lemuel_draconian_sentries, layout_basic,
          regret_index_zotdec_glowing_original, uniq_tiamat
Zot:2:    layout_basic, zot_minivault_6
Zot:3:    layout_onion_interference, regret_index_zotdec_demonic_mixed,
          serial_nicolae_subway, nicolae_sub_station_crystal,
          nicolae_sub_station_metal, nicolae_sub_station_stone, uniq_vv
Zot:4:    layout_gridlike, ebering_ghost_disaster_area, grunt_megastairs_2
Zot:5:    layout_basic, amcnicky_altar_lugonu_corruption

Skill      XL: |  1  2  3  4  5  6  7  8  9 10 11 12 13 14 15 16 17 18 19 20 21 22 23 24 25 26 27 |
---------------+----------------------------------------------------------------------------------+-----
Stealth        | 1 2 5 7 |  7.5
Dodging        | 2 3 4 5 7 9 10 11 12 13 | 13.9
Ranged Weapons | 4 5 7 9 13 14 15 17 18 | 18.0
Fighting       | 3 5 6 7 8 10 11 12 13 14 15 16 17 | 17.0
Throwing       | 1 4 7 9 10 12 14 16 | 16.0
Evocations     | 5 7 8 9 |  9.4
Invocations    | 1 4 6 8 9 10 11 12 14 15 18 | 18.0
Armour         | 2 5 7 9 10 11 12 13 14 16 | 16.7
Alchemy        | 5 8 10 11 | 11.5
Hexes          | 4 6 8 9 |  9.6
Spellcasting   | 1 4 6 |  6.0
Shapeshifting  | 2 5 8 13 14 | 14.8
Air Magic      | 3 4 |  4.0

Action                     |  1- 3 |  4- 6 |  7- 9 | 10-12 | 13-15 | 16-18 | 19-21 | 22-24 | 25-27 || total
---------------------------+-------+-------+-------+-------+-------+-------+-------+-------+-------++-------
  Melee: Unarmed           |       |       |       |       |       |       |       |     7 |       ||     7
   Fire: Sling             |   156 |   306 |   322 |   354 |   831 |   822 |  1523 |  1434 |  1105 ||  6853
         Hand cannon       |       |       |   108 |   354 |   831 |   870 |  1523 |  1434 |  1105 ||  6225
  Throw: Dart              |       |     5 |     1 |       |       |       |       |       |       ||     6
         Javelin           |       |       |       |       |       |       |       |    39 |   102 ||   141
   Cast: Yara's Violent Un |       |       |       |       |       |       |       |     4 |     2 ||     6
 Invoke: Heroism           |       |       |       |       |    13 |    19 |    21 |    18 |    11 ||    82
         Receive Weapon    |       |       |       |       |     1 |       |       |       |       ||     1
         Receive Armour    |       |       |       |       |     1 |       |       |       |       ||     1
         Finesse           |       |       |       |       |       |     5 |     3 |     5 |     6 ||    19
         Duel              |       |       |       |       |       |       |       |       |     1 ||     1
Ability: Invent Gizmo      |       |       |       |       |     1 |       |       |       |       ||     1
  Evoke: Wand              |       |       |       |     6 |     4 |     3 |     3 |    11 |    29 ||    56
         Tin of tremorston |       |       |       |       |     2 |     2 |     1 |     2 |     4 ||    11
         Gell's gravitambo |       |       |       |       |       |       |       |     3 |     5 ||     8
    Use: Potion            |       |     2 |     3 |     8 |     4 |     7 |     2 |    10 |    51 ||    87
         Scroll            |       |     3 |    12 |     6 |    20 |     6 |     3 |    14 |    29 ||    93
 Armour: Leather armour    |    15 |    25 |    60 |    30 |       |       |       |       |       ||   130
         Skin              |       |     2 |       |       |       |       |       |       |       ||     2
         Steam dragon scal |       |       |       |    15 |    89 |       |       |       |       ||   104
         Ring mail         |       |       |       |       |    82 |   154 |   491 |   438 |   568 ||  1733
         Fire dragon scale |       |       |       |       |       |   172 |       |       |       ||   172
  Dodge: Dodged            |    12 |    27 |    55 |    41 |   140 |   262 |   523 |   468 |   525 ||  2053
         Repelled          |       |       |       |       |     5 |    25 |    49 |    66 |    86 ||   231
         Form:             |       |       |       |       |       |       |       |       |     1 ||     1
         Statue            |       |       |       |       |       |       |       |       |     1 ||     1

Table legend: (Time is in decaauts)
 A = Elapsed time spent in this place.
 B = Non-inter-level travel time spent in this place.
 C = Inter-level travel time spent in this place.
 D = Time resting spent in this place.
 E = Time spent auto-exploring this place.
 F = Levels seen in this place.
 G = Mean time per level.
                   A        B        C        D        E       F      G
               +--------+--------+--------+--------+--------+-----+--------+
         Total |  53166 |  48992 |   4174 |   5105 |  32139 |  60 |  886.1 |
       Dungeon |  12936 |  11594 |   1342 |    690 |   8765 |  15 |  862.4 |
        Temple |     33 |     22 |     11 |      0 |      0 |   1 |   33.0 |
          Lair |   6483 |   5743 |    740 |    349 |   4484 |   5 | 1296.6 |
         Swamp |   3296 |   2980 |    316 |    186 |   2172 |   4 |  824.0 |
   Spider Nest |   5238 |   4852 |    386 |    766 |   3196 |   4 | 1309.5 |
  Orcish Mines |   2224 |   2037 |    187 |    103 |   1495 |   2 | 1112.0 |
   Elven Halls |   3184 |   2994 |    190 |    120 |   2065 |   3 | 1061.3 |
        Vaults |   7296 |   7031 |    265 |    474 |   4537 |   5 | 1459.2 |
        Depths |   5870 |   5309 |    561 |    932 |   3010 |   4 | 1467.5 |
           Zot |   5052 |   4879 |    173 |   1284 |   1981 |   5 | 1010.4 |
      Ziggurat |    452 |    452 |      0 |    157 |      7 |   7 |   64.6 |
        Bazaar |     81 |     81 |      0 |      0 |     27 |   1 |   81.0 |
         Trove |     68 |     68 |      0 |      0 |      5 |   1 |   68.0 |
       Ossuary |    710 |    710 |      0 |     31 |    346 |   1 |  710.0 |
        Bailey |    201 |    201 |      0 |      0 |     47 |   1 |  201.0 |
         Arena |     34 |     34 |      0 |      9 |      0 |   1 |   34.0 |
               +--------+--------+--------+--------+--------+-----+--------+

Top non-repeatable levels by time:
Spider:1: 2133 daAuts
   Zot:2: 1786 daAuts
Depths:3: 1759 daAuts
Spider:3: 1758 daAuts
Depths:2: 1689 daAuts
  Lair:5: 1657 daAuts
Vaults:5: 1657 daAuts
Vaults:2: 1630 daAuts
  Lair:2: 1605 daAuts
Vaults:1: 1566 daAuts
Vaults:4: 1505 daAuts
   Zot:1: 1436 daAuts
   Elf:3: 1278 daAuts
   Orc:1: 1259 daAuts
Depths:4: 1243 daAuts
